 Dungeon Crawl Stone Soup version 0.21-a0-472-g223bcb9 (webtiles) character file.

613 slep the Slasher (level 7, -2/61 HPs)
             Began as a Hill Orc Monk on Nov 22, 2017.
             Slain by a black bear (6 damage)
             ... on level 5 of the Dungeon.
             The game lasted 00:19:20 (4174 turns).

slep the Slasher (Hill Orc Monk)                    Turns: 4174, Time: 00:19:21

Health: -2/61      AC: 10    Str: 14    XL:     7   Next: 44%
Magic:  7/7        EV:  6    Int: 10    God:
Gold:   196        SH: 18    Dex: 15    Spells: 6/6 levels left

rFire    . . .     SeeInvis +   w - -2 flail (curse)
rCold    . . .     Gourm    .   d - +0 large shield
rNeg     . . .     Faith    .   p - +0 scale mail (curse)
rPois    .         Spirit   .   I - +2 helmet {SInv}
rElec    .         Reflect  +   (no cloak)
rCorr    .         Harm     .   y - +0 pair of gloves
MR       .....                  (no boots)
Stlth    +.........             k - +5 amulet of reflection
HPRegen  0.20/turn              m - ring of see invisible
MPRegen  0.10/turn              (no ring)

@: about to teleport
A: no striking features
a: no special abilities


You were on level 5 of the Dungeon.
You were not hungry.

You visited 1 branch of the dungeon, and saw 6 of its levels.

You collected 196 gold pieces.

Inventory:

Hand Weapons
 a - a +0 falchion
 b - a +0 blowgun
 w - a cursed -2 flail (weapon)
 z - a +0 dagger of speed
Missiles
 g - 18 poisoned needles
 E - 5 needles of sleeping
Armour
 d - a +0 large shield (worn)
 f - a +0 ring mail
 p - a cursed +0 scale mail (worn)
 r - a +0 robe
 y - a +0 pair of gloves (worn)
 D - a +0 robe of the Archmagi
 I - a +2 helmet of see invisible (worn)
Jewellery
 k - a +5 amulet of reflection (around neck)
 m - a ring of see invisible (left hand)
 s - an uncursed amulet of faith {unknown}
Scrolls
 h - 2 scrolls of magic mapping
 l - a scroll of teleportation
 q - a scroll of blinking
 t - 3 scrolls of identify {unknown}
 u - 2 scrolls of remove curse {unknown}
 v - a scroll of enchant armour {unknown}
 A - 2 scrolls of immolation {unknown}
 C - a scroll of fog {unknown}
 H - a scroll of fear {unknown}
Potions
 e - a potion of magic
 i - a potion of berserk rage {unknown}
 n - a potion of curing {unknown}
 x - a potion of degeneration {unknown}
 B - a potion of flight {unknown}
 F - a potion of heal wounds {unknown}
Comestibles
 c - 3 bread rations
 j - 3 meat rations
 o - 2 fruits


   Skills:
 + Level 5.0 Fighting
 + Level 5.0 Long Blades
 + Level 2.4 Throwing
 + Level 2.7 Armour
 + Level 3.2 Dodging
 + Level 1.7 Stealth
 + Level 4.0 Shields


You had 6 spell levels left.
You didn't know any spells.

Dungeon Overview and Level Annotations

Branches:
Dungeon (6/15)
 Temple: D:4-7

Altars:
Gozag

Annotations:
D:4 RepHenryClay's ghost, novice MfTm


Message History

* * * LOW HITPOINT WARNING * * *
The black bear bites you.
* * * LOW HITPOINT WARNING * * *
The black bear claws you but does no damage. x2
The black bear rages.
The black bear barely misses you. x2; You block the black bear's attack.
The black bear bites you but does no damage.
You block the black bear's attack. The black bear barely misses you.
You block the black bear's attack. x2; The black bear claws you.
* * * LOW HITPOINT WARNING * * *
There is a stone staircase leading up, spattered with blood here.
You block the black bear's attack. The black bear barely misses you.
You block the black bear's attack.
You climb upwards.
There is a stone staircase leading down here.
As you read the scroll of teleportation, it crumbles to dust.
You feel strangely unstable. The black bear closely misses you.
The black bear barely misses you. You block the black bear's attack. x2
The black bear claws you.
You die...

##.#### #.# ########.######..##
......# #.# #..................
##.##.# #.# #.######.##...#....
#.##)###.# #.# #........###
#........# #.## ####...###
####.##### #..# ##.## ##.## ##.#
#.# ##...## #.# #,* #.....# #@#
**+** ##...## #h# **,,,** ####..#
#.# **,,,,,** ##.###.# ##.##
**,,,,,,,**
#...##.########...####,,,,,,,,,##
.....................+,,,,,,,,,+.
#...##.########...####,,,,,,,,,##
##........# ##.## **,,,,,,,###
##.##.##.# #.# **,,,,,*#..


You could see a black bear (berserk).

Vanquished Creatures
  An ice beast (D:5)
  An ogre (D:5)
  A bullfrog skeleton (D:5)
  A centaur skeleton (D:5)
  2 orc priests (D:5)
  An iguana (D:5)
  An orc wizard (D:3)
  A worker ant (D:5)
  A hound skeleton (D:5)
  4 adders
  2 oozes (D:3)
  An adder zombie (D:5)
  An adder skeleton (D:4)
  A worm (D:2)
  A dart slug (D:1)
  7 leopard geckos
  9 orcs
  8 giant cockroaches
  10 goblins
  8 hobgoblins
  2 quokkas
  3 bats
  3 frilled lizards
  4 kobolds (D:1)
  4 rats
78 creatures vanquished.

Vanquished Creatures (others)
  A centaur (D:5)
  A goblin (D:3)
  A kobold (D:3)
3 creatures vanquished.

Grand Total: 81 creatures vanquished

Notes
Turn   | Place    | Note
-------+----------+-------------------------------------------
     0 | D:1      | slep the Hill Orc Monk began the quest for the Orb.
     0 | D:1      | Reached XP level 1. HP: 19/19 MP: 1/1
   138 | D:1      | Reached XP level 2. HP: 21/27 MP: 2/2
   381 | D:1      | Reached XP level 3. HP: 32/33 MP: 3/3
   616 | D:2      | Found a faded altar of an unknown god.
  1389 | D:3      | Reached XP level 4. HP: 35/40 MP: 4/4
  1467 | D:3      | Reached skill level 1 in Shields
  1596 | D:3      | Reached skill level 1 in Armour
  2038 | D:3      | Found an opulent altar of Gozag.
  2411 | D:2      | Reached XP level 5. HP: 45/47 MP: 5/5
  2781 | D:4      | Noticed RepHenryClay's ghost (novice MfTm)
  2803 | D:4      | Noticed an ogre
  2826 | D:5      | Entered Level 5 of the Dungeon
  2827 | D:5      | Reached skill level 1 in Throwing
  3049 | D:5      | Noticed an ogre
  3095 | D:5      | Killed an ogre
  3095 | D:5      | Reached XP level 6. HP: 15/53 MP: 6/6
  3708 | D:5      | Noticed an ice beast
  3732 | D:5      | Reached XP level 7. HP: 43/60 MP: 7/7
  3791 | D:5      | Reached skill level 5 in Long Blades
  4121 | D:5      | Reached skill level 5 in Fighting
  4171 | D:6      | HP: 3/61 [black bear (5)]
  4174 | D:5      | Slain by a black bear

Vault maps used:
D:1:      mrwooster_arrival_statue
D:2:      chequers_ecumenical_altar_island, serial_bayou_pond_e,
          grunt_decor_fettered
D:3:      marbit_many_paths, st_stairs_13, minivault_26, kennysheep_small_spiral
D:4:      first_bread, grunt_decor_resistance
D:6:      corexii_shack, hangedman_feature_mirror,
          nicolae_qazlal_general_emergency, uniq_sigmund

Skill      XL: |  1  2  3  4  5  6  7 |
---------------+----------------------+-----
Fighting       | 4 5 |  5.0
Long Blades    | 4 5 |  5.0
Shields        | 1 2 3 4 |  4.0
Armour         | 1 2 |  2.7
Throwing       | 1 2 |  2.4
Dodging        | 3 |  3.2
Stealth        | |  1.7

Action                   |  1- 3 |  4- 6 |  7- 9 || total
-------------------------+-------+-------+-------++-------
Melee: Falchion          |   127 |   181 |    50 ||   358
       Flail             |       |       |    20 ||    20
 Fire: Blowgun           |       |    61 |       ||    61
Throw: Throwing net      |       |       |     1 ||     1
  Use: Scroll            |       |       |     4 ||     4
       Potion            |       |       |     1 ||     1
  Eat: Chunk             |     2 |     7 |     2 ||    11
Armor: Ring mail         |    26 |       |       ||    26
       Scale mail        |    17 |    49 |    33 ||    99
Dodge: Dodged            |    24 |    24 |    20 ||    68
Block: Large shield      |    87 |   194 |    78 ||   359
       Reflection        |       |     9 |       ||     9
       Rpst.: Falchion   |     5 |     2 |     3 ||    10

Table legend:
 A = Spawn XP
 B = Non-spawn XP
 C = Spawn XP percentage of total XP
 D = Spawn monster count
 E = Non-spawn monster count
 F = Spawn count percentage of total count
 G = Total turns spent on level
                    A         B        C        D         E        F      G
               +---------+---------+-------+---------+---------+-------+---------
         Total |       0 |     876 |   0.0 |       0 |      80 |   0.0 |  4174
               +---------+---------+-------+---------+---------+-------+---------
           D:1 |       0 |      42 |   0.0 |       0 |      23 |   0.0 |   595
           D:2 |       0 |      42 |   0.0 |       0 |       9 |   0.0 |  1070
           D:3 |       0 |      90 |   0.0 |       0 |      22 |   0.0 |  1072
           D:4 |       0 |      10 |   0.0 |       0 |       3 |   0.0 |    89
           D:5 |       0 |     692 |   0.0 |       0 |      23 |   0.0 |  1324
               +---------+---------+-------+---------+---------+-------+---------
